 Dungeon Crawl Stone Soup version 0.32-a0-818-gb728d0252e (webtiles) character file.

Game seed: 814454631318921836

124 epen the Insei (level 5, -9/37 HPs)
             Began as an Octopode Monk on Mar 25, 2024.
             Mangled by a gnoll
             ... wielding a +0 halberd
              (12 damage)
             ... on level 3 of the Dungeon.
             The game lasted 00:03:16 (1622 turns).

epen the Insei (Octopode Monk)                      Turns: 1622, Time: 00:03:16

Health: -9/37      AC:  1    Str: 11    XL:     5   Next: 8%
Magic:  5/5        EV:  6    Int: 12    God:
Gold:   131        SH:  0    Dex: 16    Spells: 4/4 levels left

rFire   . .          .
                       - Unarmed
rCold   . . .        b - orb {light}
rNeg    . . .        (helmet restricted)
rPois   .            (no amulet)
rElec   .            (no ring)
rCorr   .            (no ring)
SInv    .            (no ring)
Will    .....        (no ring)
Stlth   +            (no ring)
HPRegen 0.26/turn    (no ring)
MPRegen 0.09/turn    (no ring)
                     (no ring)

%: no passive effects
@: attractive, held, glowing
A: almost no armour, amphibious, 8 rings, camouflage 1, gelatinous body 1,
(nimble swimmer 1), tentacles
a: no special abilities


You were on level 3 of the Dungeon.
You visited 1 branch of the dungeon, and saw 3 of its levels.

You collected 131 gold pieces.

Inventory:

Armour
 b - an orb of light (worn)
Scrolls
 d - a scroll of fear {unknown}
 e - a scroll of identify {unknown}
 h - a scroll of vulnerability {unknown}
 k - a scroll of silence {unknown}
Potions
 a - 2 potions of ambrosia
 f - a potion of curing {unknown}
 g - 2 potions of magic {unknown}
 i - a potion of heal wounds {unknown}
 j - 2 potions of cancellation {unknown}
 l - a potion of haste {unknown}


   Skills:
 + Level 3.7 Fighting
 + Level 3.7 Dodging
 * Level 4.5 Unarmed Combat


You had 4 spell levels left.
You didn't know any spells.
Your spell library contained the following spells:

 Spells                   Type           Power      Damage    Failure   Level
 Cigotuvi's Dreadful Rot  Necr/Alch/Air  0%         N/A       45%         2
 Ignite Poison            Fire/Alch      0%         N/A       97%         4
 Freezing Cloud           Conj/Ice/Air   0%         6-21      100%        5


Dungeon Overview and Level Annotations

Branches:
Dungeon (3/15)

Altars:


Innate Abilities, Weirdness & Mutations

You cannot wear most types of armour.
You are amphibious.
You can wear up to eight rings at the same time.
Your skin changes colour to match your surroundings (Stealth+).
Your rubbery body absorbs attacks. (AC +1, EV +1)
((You are camouflaged when in or above water. (Stealth+)))
You have tentacles for arms and can constrict up to eight enemies at once.


Message History

Press: ? - help, v - describe, . - travel
Here: a gnoll, wielding a +0 club and quivering a throwing net The floor.
You struggle against the net.
You struggle against the net.
The gnoll shouts!
You hear a shout!
You struggle against the net.
A gnoll comes into view. It is wielding a +0 halberd.
You shred the net and break free! The gnoll misses you.
Press: ? - help, v - describe, . - travel
Here: a gnoll, wielding a +0 club and quivering a throwing net (haloed)
The floor.
Unknown command.
You tentacle-slap the gnoll but do no damage.
You grab the gnoll.
You squeeze the gnoll, but do no damage.
You constrict the gnoll. The gnoll hits you with a +0 flail!
You bludgeon the gnoll! You squeeze the gnoll.
You kill the gnoll!
The gnoll throws a throwing net.
The throwing net hits you.
You become entangled in the net!
You have reached level 5!
You feel stronger.
You struggle against the net.
The hobgoblin closely misses you.
You struggle against the net.
The hobgoblin barely misses you. The gnoll hits you with a +0 club.
You struggle against the net.
The adder hisses angrily.
The hobgoblin hits you. The gnoll closely misses you.
The gnoll hits you with a +0 club.
The gnoll hits you from afar with a +0 halberd!
* * * LOW HITPOINT WARNING * * *
It was a potion of attraction.
You feel attractive to monsters. The hobgoblin hits you.
* * * LOW HITPOINT WARNING * * *
The gnoll barely misses you. The gnoll hits you with a +0 club.
* * * LOW HITPOINT WARNING * * *
The gnoll hits you from afar with a +0 halberd!
You die...

.... .... .... ..S.. ..#
... ##...## ...# #..
........ #... .. ..
#.... ... # ##.##..#
##...g## #.# .# ........
#....gg##..#...
#†...##.##...##g@.......
...# ##......###...##...
#..(.........###...##.#
########........>.....#.
....###..#.....)........
.....##..........)......
......#.........).......
....................>...
........................


You could see 3 gnolls, an adder and a hobgoblin.

Vanquished Creatures
  A hound (D:2)
  A gnoll (D:3)
  3 adders
  4 dart slugs
  A ribbon worm (D:2)
  3 orcs (D:3)
  2 bats (D:1)
  3 endoplasms (D:1)
  2 giant cockroaches
  4 goblins
  2 hobgoblins
  4 jackals (D:2)
  4 kobolds
  2 quokkas (D:2)
  3 ball pythons (D:1)
  3 frilled lizards
  4 rats
46 creatures vanquished.

Notes
Turn   | Place    | Note
-------+----------+-------------------------------------------
     0 | D:1      | epen the Octopode Monk began the quest for the Orb.
     0 | D:1      | Reached XP level 1. HP: 16/16 MP: 1/1
   175 | D:1      | Reached XP level 2. HP: 21/21 MP: 2/2
   823 | D:2      | Reached XP level 3. HP: 18/26 MP: 3/3
   983 | D:2      | Reached skill level 4 in Unarmed Combat
   983 | D:2      | Reached XP level 4. HP: 23/31 MP: 4/4
  1619 | D:3      | Reached XP level 5. HP: 27/37 MP: 5/5
  1622 | D:3      | Mangled by a gnoll

Illustrated notes

Levels and vault maps discovered:
D:1:      spicycebolla_arrival_xxxplode, layout_basic
D:2:      layout_basic, palyth_stone_intersect, minmay_parallelograms
D:3:      layout_rooms, minmay_misc_feat_x

Skill      XL: |  1  2  3 |
---------------+----------+-----
Unarmed Combat | 4 |  4.5
Fighting       | |  3.7
Dodging        | |  3.7

Action                     |  1- 3 |  4- 6 || total
---------------------------+-------+-------++-------
  Melee: Unarmed           |    38 |    33 ||    71
         Constrict         |    15 |    15 ||    30
         Tentacles         |     9 |    11 ||    20
         Punch             |       |     3 ||     3
    Use: Potion            |       |     1 ||     1
   Stab: Sleeping          |     2 |       ||     2
 Armour: Skin              |    14 |    18 ||    32
  Dodge: Dodged            |    28 |    16 ||    44

Table legend: (Time is in decaauts)
 A = Elapsed time spent in this place.
 B = Non-inter-level travel time spent in this place.
 C = Inter-level travel time spent in this place.
 D = Time resting spent in this place.
 E = Time spent auto-exploring this place.
 F = Levels seen in this place.
 G = Mean time per level.
                   A        B        C        D        E       F      G
               +--------+--------+--------+--------+--------+-----+--------+
         Total |   1616 |   1518 |     98 |      0 |   1273 |   3 |  538.7 |
       Dungeon |   1616 |   1518 |     98 |      0 |   1273 |   3 |  538.7 |
               +--------+--------+--------+--------+--------+-----+--------+

Top non-repeatable levels by time:
     D:2: 791 daAuts
     D:1: 686 daAuts
     D:3: 138 daAuts
